 Dungeon Sprint DCSS version 0.19.1 (webtiles) character file.

3500000 KingBobo974 the Conqueror (level 23, -17/240 HPs)
             Began as a Minotaur Monk on Dec 15, 2016.
             Was the Champion of Makhleb.
             Demolished by a destroyer
             ... wielding a +9 great sword of slicing
              (213 damage)
             ... in the Dungeon (Sprint VIII: "Arena of Blood").
             The game lasted 00:03:26 (35 turns).

KingBobo974 the Conqueror (Minotaur Monk)             Turns: 35, Time: 00:03:27

Health: -17/240    AC:  4    Str: 23    XL:     23   Next: 45%
Magic:  20/53      EV: 33    Int:  7    God:    Makhleb [******]
Gold:   0          SH:  0    Dex: 16    Spells: 0 memorised, 76 levels left

rFire  . . .     SeeInvis .     i - +∞ Axe of Woe
rCold  . . .     Gourm    .     a - +0 robe
rNeg   . . .     Faith    .     (shield currently unavailable)
rPois  .         Spirit   .     (helmet restricted)
rElec  .         Reflect  .     (no cloak)
rCorr  .         Harm     .     (no gloves)
MR     +....     NoTele   +     (no boots)
Stlth  +++++++++.               (no amulet)
                                (no ring)
                                (no ring)

@: no status effects
A: retaliatory headbutt, horns 2
a: Minor Destruction, Lesser Servant of Makhleb, Major Destruction, Greater
Servant of Makhleb, Renounce Religion


You were in the Dungeon.
You worshipped Makhleb.
Makhleb was exalted by your worship.
You were not hungry.

You visited 1 branch

Inventory:

Hand Weapons
 i - the +∞ Axe of Woe (weapon)
   (You found it in the Dungeon)
Armour
 a - a +0 robe (worn)
Scrolls
 h - a scroll of blinking
Potions
 c - a potion of curing
 d - a potion of heal wounds
 e - a potion of haste
 f - 2 potions of magic
 g - a potion of berserk rage
Comestibles
 b - a bread ration


   Skills:
 O Level 27 Fighting
 O Level 27 Axes
 O Level 27 Throwing
 O Level 27 Armour
 O Level 27 Dodging
 O Level 27 Stealth
 O Level 27 Unarmed Combat
 O Level 27 Spellcasting
 O Level 27 Invocations


You had 76 spell levels left.
You didn't know any spells.

Dungeon Overview and Level Annotations

Branches:
Dungeon (1/1)

Altars:
Makhleb


Innate Abilities, Weirdness & Mutations

You reflexively headbutt those who attack you in melee.
You have a pair of horns on your head.


Message History

You hear a shout!
The bag of meat moves out of view.
The destroyer blinks! 3 orcs and a vampire knight come into view.
The destroyer is wielding a +9 great sword of slicing.
Press: ? - help, Shift-Dir - straight line, f - destroyer
Aim: a destroyer, wielding a +9 great sword of slicing and wearing a +200 ring of slaying (flame)
The sticky flame hits the destroyer.
The destroyer appears unharmed.
The destroyer is covered in liquid flames!
You are engulfed in roaring flames.
The destroyer burns!
You hear a shout!
The destroyer blinks!
You hear a shout! x2
The bag of meat is engulfed in roaring flames.
The large bag of meat hits your blizzard demon with a +9 giant spiked club!!!!
Your blizzard demon dies!
You hear a shout! x3
The destroyer is engulfed in roaring flames.
The destroyer hits you with a +9 great sword of slicing!!!!!
Ouch! That really hurt!
You die... .... .... ..oo ooo

..C #.. .O# #o.
..# . ..###§o
..###..
....oo§###.§o.o..
....oOo@_...C....
o%.O.#.§V§.#Co..


VV. #_§§§_# . O #.O§§)# ......_........ ......###.%..o.. .###.. o.###.. #.. ..#
. #.. ..# You could see 3 destroyers, 2 large bags of meat, 4 meat berserkers
and 14 bags of meat.

Vanquished Creatures
  4 vampire knights (D)
  6 ogres (D)
  24 orcs (D)
  2 hill giants (D)
  A skeletal warrior (D)
37 creatures vanquished.

Notes
Turn   | Place    | Note
-------+----------+-------------------------------------------
     0 | D        | KingBobo974 the Minotaur Monk began the quest for the Orb.
     0 | D        | Reached XP level 1. HP: 19/19 MP: 0/0
     2 | D        | Became a worshipper of Makhleb the Destroyer
     2 | D        | Reached * piety under Makhleb
     2 | D        | Reached ** piety under Makhleb
     3 | D        | Noticed a bag of meat
     3 | D        | Noticed a bag of meat
     3 | D        | Noticed a bag of meat
     4 | D        | Noticed a meat berserker
     5 | D        | Noticed a bag of meat
     5 | D        | Noticed a meat berserker
     6 | D        | Noticed a bag of meat
     7 | D        | Killed a bag of meat
     7 | D        | Reached skill level 5 in Axes
     7 | D        | Reached skill level 5 in Stealth
     7 | D        | Reached XP level 2. HP: 55/55 MP: 1/1
     7 | D        | Reached XP level 3. HP: 62/62 MP: 2/2
     7 | D        | Reached XP level 4. HP: 70/70 MP: 3/3
     7 | D        | Reached XP level 5. HP: 77/77 MP: 4/4
     7 | D        | Reached XP level 6. HP: 85/85 MP: 5/5
     7 | D        | Reached XP level 7. HP: 92/92 MP: 6/6
     7 | D        | Reached XP level 8. HP: 100/100 MP: 7/7
     7 | D        | Reached XP level 9. HP: 107/107 MP: 8/8
     7 | D        | Reached XP level 10. HP: 115/115 MP: 9/9
     7 | D        | Reached XP level 11. HP: 122/122 MP: 10/10
     8 | D        | Killed a meat berserker
     8 | D        | Reached XP level 12. HP: 89/140 MP: 11/11
     8 | D        | Reached XP level 13. HP: 94/148 MP: 12/12
     8 | D        | Killed a meat berserker
     8 | D        | Reached *** piety under Makhleb
     8 | D        | Reached XP level 14. HP: 163/163 MP: 13/13
     9 | D        | Noticed a bag of meat
     9 | D        | Noticed a bag of meat
     9 | D        | Killed a bag of meat
     9 | D        | Reached XP level 15. HP: 173/173 MP: 14/14
     9 | D        | Reached skill level 27 in Fighting
    10 | D        | Reached skill level 15 in Axes
    10 | D        | Reached skill level 27 in Dodging
    10 | D        | Reached skill level 10 in Stealth
    11 | D        | Reached **** piety under Makhleb
    11 | D        | Reached skill level 27 in Unarmed Combat
    11 | D        | Reached XP level 16. HP: 172/183 MP: 15/15
    12 | D        | Noticed a meat berserker
    13 | D        | Noticed a meat berserker
    14 | D        | Noticed a large bag of meat
    15 | D        | Noticed a large bag of meat
    16 | D        | Reached skill level 27 in Axes
    16 | D        | Reached XP level 17. HP: 143/191 MP: 16/16
    16 | D        | Killed a meat berserker
    16 | D        | Reached ***** piety under Makhleb
    18 | D        | Killed a meat berserker
    18 | D        | Reached skill level 27 in Stealth
    18 | D        | Reached XP level 18. HP: 200/200 MP: 17/17
    19 | D        | Reached skill level 5 in Spellcasting
    21 | D        | Noticed a large bag of meat
    21 | D        | Noticed a destroyer
    21 | D        | Reached skill level 10 in Throwing
    21 | D        | Reached skill level 10 in Invocations
    21 | D        | Reached XP level 19. HP: 207/207 MP: 17/31
    23 | D        | Noticed a large bag of meat
    23 | D        | Reached skill level 10 in Spellcasting
    23 | D        | Killed a large bag of meat
    23 | D        | Reached ****** piety under Makhleb
    23 | D        | Reached skill level 15 in Throwing
    23 | D        | Reached skill level 15 in Invocations
    25 | D        | Noticed a meat berserker
    25 | D        | Noticed a destroyer
    25 | D        | Noticed a destroyer
    25 | D        | Killed a destroyer
    25 | D        | Reached XP level 20. HP: 130/216 MP: 18/36
    25 | D        | Reached skill level 27 in Invocations
    25 | D        | Reached skill level 15 in Spellcasting
    26 | D        | Noticed a destroyer
    27 | D        | Noticed a meat berserker
    28 | D        | Noticed a destroyer
    28 | D        | Reached XP level 21. HP: 224/224 MP: 18/41
    29 | D        | Noticed a destroyer
    29 | D        | Reached skill level 27 in Armour
    30 | D        | Killed a destroyer
    30 | D        | Reached skill level 27 in Throwing
    31 | D        | Reached XP level 22. HP: 233/233 MP: 19/50
    32 | D        | Killed a destroyer
    32 | D        | Reached skill level 27 in Spellcasting
    32 | D        | Killed a destroyer
    32 | D        | Reached XP level 23. HP: 240/240 MP: 19/53
    34 | D        | Noticed a destroyer
    35 | D        | Noticed a destroyer
    35 | D        | Demolished by a destroyer

Skill      XL: |  1  2  3  4  5  6  7  8  9 10 11 12 13 14 15 16 17 18 19 20 21 22 |
---------------+-------------------------------------------------------------------+-----
Fighting       | 19 23 25 26 27 | 27.0
Axes           | 5 9 11 12 19 27 | 27.0
Dodging        | 17 21 23 24 27 | 27.0
Stealth        | 5 7 8 9 11 17 27 | 27.0
Unarmed Combat | 17 20 23 27 | 27.0
Throwing       | 12 17 23 27 | 27.0
Armour         | 14 20 26 27 | 27.0
Spellcasting   | 9 13 17 25 27 | 27.0
Invocations    | 12 25 27 | 27.0

Action                   |  1- 3 |  4- 6 |  7- 9 | 10-12 | 13-15 | 16-18 | 19-21 | 22-24 || total
-------------------------+-------+-------+-------+-------+-------+-------+-------+-------++-------
Melee: Executioner's axe |     1 |       |       |     1 |     3 |     6 |     7 |     3 ||    21
Invok: Greater Servant o |       |       |       |       |       |       |     1 |       ||     1
       Major Destruction |       |       |       |       |       |       |       |     1 ||     1
